[Event "42nd Olympiad Baku 2016 Open"]
[Site "Baku"]
[Date "2016.09.05"]
[Round "4.16"]
[White "Kalezic, Blazo"]
[Black "Swiercz, Dariusz"]
[Result "1/2-1/2"]
[ECO "C88"]
[WhiteElo "2457"]
[BlackElo "2639"]
[Annotator ""]
[PlyCount "186"]
[EventDate "2016.??.??"]
[EventCountry "AZE"]
[SourceTitle "playchess.com"]
[Source "ChessBase"]
[WhiteTeam "Montenegro"]
[BlackTeam "Poland"]
[WhiteTeamCountry "MNE"]
[BlackTeamCountry "POL"]
[TimeControl "40/5400+30:1800+30"]

1. e4 {(00:00)} e5 {(00:00)} 2. Nf3 {(00:00)} Nc6 {
(00:00)} 3. Bb5 {(00:13)} a6 {(00:00)} 4. Ba4 {(00:
10)} Nf6 {(00:00)} 5. O-O {(00:10)} Be7 {(00:00)} 6. Re1 {
(00:14)} b5 {(00:12)} 7. Bb3 {(00:07)} O-O {(00:50]
} 8. a4 {(00:23)} b4 {(00:03)} 9. d3 {(02:25)} d6 {
(01:04)} 10. a5 {(01:01)} Be6 {(00:53)} 11. Nbd2 {(
02:57)} Rb8 {(01:18)} 12. Bc4 {(01:24)} Qc8 {(00:40)} 13.
b3 {(08:47)} Nd7 {(01:16)} 14. Bb2 {(03:57)} Bf6 {(
00:35)} 15. Nf1 {(01:28)} Bxc4 {(05:11)} 16. dxc4 {(01:01]
} Nc5 {(00:10)} 17. Ne3 {(01:17)} Ne7 {(03:05)} 18. Nd5 {
(07:26)} Nxd5 {(01:00)} 19. cxd5 {(07:10)} c6 {(11:
06)} 20. Nd2 {(02:42)} cxd5 {(01:52)} 21. exd5 {(00:09)}
Rb5 {(00:13)} 22. Nc4 {(00:38)} Nb7 {(00:16)} 23. f4 {
(09:56)} Qc5+ {(33:00)} 24. Kf1 {(06:30)} Qxd5 {(
02:24)} 25. Qxd5 {(03:33)} Rxd5 {(00:04)} 26. fxe5 {(00:
26)} dxe5 {(00:05)} 27. Bxe5 {(00:29)} Bxe5 {(02:22)} 28.
Rxe5 {(00:32)} Rfd8 {(04:04)} 29. Re7 {(08:01)} Nc5 {
(03:35)} 30. Rae1 {(02:07)} Ne6 {(07:43)} 31. Ra7 {
(06:33)} Nd4 {(09:52)} 32. Re5 {(01:21)} Rxe5 {(10:
50)} 33. Nxe5 {(01:51)} f6 {(00:20)} 34. Nc4 {(04:48)}
Nxc2 {(00:07)} 35. Rxa6 {(00:28)} Rd3 {(02:05)} 36. Nd6 {
(08:27)} h5 {(00:43)} 37. Rc6 {(02:09)} Nd4 {(00:
57)} 38. Rb6 {(05:59)} Rxb3 {(00:32)} 39. a6 {(00:41)} Ra3
{(00:27)} 40. Rxb4 {(00:00)} Ra1+ {(00:00)} 41. Kf2 {
(01:45)} Ra2+ {(00:08)} 42. Kf1 {(00:07)} Nc2 {(09:
24)} 43. Rb8+ {(03:57)} Kh7 {(00:05)} 44. Nf5 {(00:26)}
Rxa6 {(15:34)} 45. Rb7 {(01:14)} Kg6 {(00:16)} 46. Ne7+ {
(10:26)} Kg5 {(00:22)} 47. Rb5+ {(01:45)} Kf4 {(01:
31)} 48. Kf2 {(03:44)} g5 {(02:28)} 49. Nd5+ {(02:45)} Ke4
{(00:09)} 50. Nb4 {(01:08)} Nd4 {(04:05)} 51. Nxa6 {
(01:40)} Nxb5 {(00:03)} 52. Nc5+ {(00:24)} Kf5 {(
00:22)} 53. g3 {(02:55)} Nd6 {(00:28)} 54. Kg2 {(00:29)}
Ne4 {(00:12)} 55. Nd3 {(00:21)} Nd2 {(00:30)} 56. Nc5 {
(01:03)} Ke5 {(00:29)} 57. Nd7+ {(00:19)} Ke6 {(00:
05)} 58. Nc5+ {(00:10)} Kd6 {(00:05)} 59. Nd3 {(00:19)}
Kd5 {(00:04)} 60. h4 {(01:31)} Kd4 {(01:52)} 61. hxg5 {
(00:11)} fxg5 {(00:06)} 62. Nb4 {(01:21)} g4 {(00:
31)} 63. Nc6+ {(01:09)} Ke4 {(00:05)} 64. Ne7 {(01:07)}
Nc4 {(00:37)} 65. Kf2 {(01:15)} Ne3 {(00:06)} 66. Nc8 {
(00:51)} Nd1+ {(00:34)} 67. Kg2 {(00:14)} Ke3 {(01:
36)} 68. Nd6 {(01:38)} Ke2 {(00:07)} 69. Ne4 {(00:38)}
Ne3+ {(00:05)} 70. Kh2 {(00:14)} Nd5 {(01:48)} 71. Kg2 {
(00:28)} Kd3 {(00:45)} 72. Nc5+ {(00:25)} Ke3 {(00:
12)} 73. Ne6 {(00:27)} Nf6 {(00:41)} 74. Nc5 {(00:27)} Kd4
{(00:31)} 75. Ne6+ {(00:31)} Kd5 {(00:15)} 76. Nf4+ {
(00:22)} Ke5 {(00:08)} 77. Nd3+ {(00:54)} Kf5 {(00:
12)} 78. Nc5 {(00:24)} Ne4 {(00:21)} 79. Nd3 {(00:19)} Kg5
{(00:32)} 80. Ne5 {(00:42)} Nc5 {(00:38)} 81. Nc4 {
(00:39)} Kf5 {(00:11)} 82. Nd2 {(00:37)} Ke5 {(00:
11)} 83. Nc4+ {(00:22)} Kd5 {(00:02)} 84. Ne3+ {(00:18)}
Ke4 {(00:20)} 85. Nc4 {(00:13)} Nb7 {(00:42)} 86. Kf2 {
(00:22)} Kd4 {(00:04)} 87. Nb6 {(01:07)} Nc5 {(00:
19)} 88. Kg2 {(00:15)} Ke4 {(01:18)} 89. Nc4 {(00:50)} Kd3
{(00:08)} 90. Ne5+ {(00:38)} Ke2 {(00:16)} 91. Ng6 {
(00:27)} Nd3 {(00:44)} 92. Nf4+ {(01:13)} Ke3 {(00:
55)} 93. Nxh5 {(00:10)} Ne1+ {(00:07)} 1/2-1/2

[Event "42nd Olympiad Baku 2016 Open"]
[Site "Baku"]
[Date "2016.09.05"]
[Round "4.16"]
[White "Kalugampitiya, R S."]
[Black "Vella, Duncan"]
[Result "1/2-1/2"]
[ECO "B35"]
[WhiteElo "2107"]
[BlackElo "2017"]
[Annotator ""]
[PlyCount "89"]
[EventDate "2016.??.??"]
[EventCountry "AZE"]
[SourceTitle "playchess.com"]
[Source "ChessBase"]
[WhiteTeam "Sri Lanka"]
[BlackTeam "Malta"]
[WhiteTeamCountry "SRI"]
[BlackTeamCountry "MLT"]
[TimeControl "40/5400+30:1800+30"]

1. e4 {(00:15)} c5 {(00:00)} 2. Nf3 {(00:03)} g6 {(
00:00)} 3. d4 {(00:39)} cxd4 {(00:00)} 4. Nxd4 {(00:05)}
Bg7 {(00:26)} 5. Nc3 {(00:31)} Nc6 {(00:48)} 6. Be3 {
(03:01)} Nf6 {(02:13)} 7. Bc4 {(01:32)} Qa5 {(00:
44)} 8. O-O {(01:15)} O-O {(00:17)} 9. Bb3 {(00:45)} d6 {
(00:54)} 10. h3 {(00:22)} Qh5 {(02:20)} 11. f4 {(
13:07)} Qxd1 {(05:15)} 12. Raxd1 {(01:20)} Na5 {(06:08)}
13. e5 {(07:25)} dxe5 {(15:32)} 14. fxe5 {(00:34)} Ne8 {
(01:11)} 15. Nd5 {(16:27)} Bxe5 {(15:59)} 16. Bh6 {
(18:59)} Nxb3 {(09:14)} 17. Nxe7+ {(01:04)} Kh8 {(
00:06)} 18. axb3 {(19:22)} Ng7 {(02:28)} 19. Rfe1 {(02:03]
} Bxd4+ {(05:09)} 20. Rxd4 {(00:02)} Be6 {(01:52)} 21. Rb4
{(00:35)} b6 {(06:56)} 22. Bg5 {(02:51)} f6 {(04:
23)} 23. Bh6 {(00:43)} Bf7 {(04:34)} 24. Rd4 {(02:31)}
Rfe8 {(02:34)} 25. Bxg7+ {(04:13)} Kxg7 {(00:03)} 26. Rd7
{(00:36)} Kf8 {(02:40)} 27. Kf2 {(00:48)} Rad8 {(
01:11)} 28. Rxd8 {(01:12)} Rxd8 {(00:06)} 29. Nc6 {(00:13]
} Rd2+ {(02:48)} 30. Re2 {(00:27)} Rxe2+ {(00:14)} 31.
Kxe2 {(00:06)} Bd5 {(00:58)} 32. Nxa7 {(00:22)} Bxg2 {
(00:05)} 33. h4 {(01:13)} g5 {(01:19)} 34. hxg5 {(
00:53)} fxg5 {(00:02)} 35. Nc8 {(00:16)} b5 {(01:36)} 36.
Nd6 {(00:51)} Bc6 {(01:17)} 37. c4 {(00:58)} Ke7 {(
03:00)} 38. Nf5+ {(00:29)} Ke6 {(01:06)} 39. Nd4+ {(00:08]
} Kd6 {(00:08)} 40. Ke3 {(00:00)} bxc4 {(00:00)} 41. Nxc6
{(20:18)} Kxc6 {(02:53)} 42. bxc4 {(00:06)} Kc5 {(
01:09)} 43. b3 {(00:52)} h5 {(00:10)} 44. Kf3 {(01:06)}
Kd4 {(00:29)} 45. Kg3 {(00:11] Kd5} 1/2-1/2

[Event "42nd Olympiad Baku 2016 Open"]
[Site "Baku"]
[Date "2016.09.05"]
[Round "4.3"]
[White "Latela, Kananelo"]
[Black "Hj, Azahari Md Aliuddin"]
[Result "0-1"]
[ECO "A48"]
[WhiteElo "1736"]
[BlackElo "2004"]
[Annotator ""]
[PlyCount "112"]
[EventDate "2016.??.??"]
[EventCountry "AZE"]
[SourceTitle "playchess.com"]
[Source "ChessBase"]
[WhiteTeam "Lesotho"]
[BlackTeam "Brunei"]
[WhiteTeamCountry "LES"]
[BlackTeamCountry "BRN"]
[TimeControl "40/5400+30:1800+30"]

1. d4 {(00:00)} Nf6 {(00:10)} 2. Nf3 {(01:39)} g6 {
(01:27)} 3. c4 {(03:46)} c5 {(03:01)} 4. Nc3 {(01:
54)} cxd4 {(02:08)} 5. Nxd4 {(01:26)} Nc6 {(02:25)} 6. e4
{(04:03)} d6 {(02:27)} 7. f3 {(01:55)} Bg7 {(02:49]
} 8. Be3 {(01:25)} O-O {(02:22)} 9. Be2 {(00:44)} Qa5 {
(07:43)} 10. Qd2 {(04:05)} Nxd4 {(04:02)} 11. Bxd4 {
(00:39)} Be6 {(03:16)} 12. O-O {(01:22)} Rfc8 {(03:
23)} 13. b3 {(05:07)} a6 {(04:58)} 14. Rfd1 {(01:51)} Rab8
{(03:22)} 15. Nd5 {(09:56)} Qxd2 {(02:43)} 16. Rxd2 {
(02:10)} Bxd5 {(05:47)} 17. cxd5 {(00:43)} Nd7 {(
02:09)} 18. Bxg7 {(00:31)} Kxg7 {(00:08)} 19. Rb1 {(00:12]
} Rc3 {(02:43)} 20. Rbb2 {(02:33)} Rbc8 {(01:25)} 21. Kf2
{(01:06)} g5 {(02:41)} 22. g3 {(04:04)} Ne5 {(01:
53)} 23. Kg2 {(01:54)} Kf6 {(05:57)} 24. Bd1 {(01:50)} Nd3
{(03:41)} 25. Rb1 {(03:00)} Ke5 {(06:09)} 26. Be2 {
(00:33)} Nb4 {(05:02)} 27. a3 {(01:50)} Nc2 {(01:
26)} 28. a4 {(00:59)} a5 {(02:10)} 29. Kf2 {(02:14)} h6 {
(02:24)} 30. Rb2 {(01:37)} R8c7 {(01:22)} 31. Bc4 {
(03:42)} Nd4 {(01:56)} 32. Be2 {(01:26)} Nxb3 {(01:
11)} 33. Rd3 {(00:48)} Rxd3 {(01:44)} 34. Bxd3 {(00:08)}
Rc3 {(00:39)} 35. Ke3 {(01:43)} Nc5 {(00:22)} 36. f4+ {
(00:10)} gxf4+ {(00:51)} 37. gxf4+ {(00:02)} Kf6 {(
00:06)} 38. e5+ {(01:58)} dxe5 {(00:46)} 39. Rb6+ {(00:31]
} e6 {(02:44)} 40. d6 {(00:00)} Rxd3+ {(00:00)} 41. Ke2 {
(00:45)} exf4 {(01:20)} 42. Rb5 {(00:32)} Rd5 {(00:
11)} 43. Rxa5 {(00:33)} Ke5 {(00:24)} 44. Ra8 {(00:12)}
Kxd6 {(00:48)} 45. Kf3 {(00:12)} Rh5 {(01:33)} 46. Rd8+ {
(00:26)} Nd7 {(00:28)} 47. Kxf4 {(00:31)} Rxh2 {(
00:10)} 48. Ra8 {(00:28)} b6 {(00:23)} 49. a5 {(00:25)}
bxa5 {(00:08)} 50. Rxa5 {(00:07)} Rf2+ {(00:47)} 51. Kg3 {
(00:12)} Rf5 {(00:12)} 52. Ra4 {(00:17)} h5 {(00:
24)} 53. Rd4+ {(00:21)} Ke7 {(00:28)} 54. Kh4 {(00:22)}
Ne5 {(00:18)} 55. Ra4 {(00:16)} Rf4+ {(00:22)} 56. Rxf4 {
(00:22)} Ng6+ {(00:04)} 0-1

[Event "42nd Olympiad Baku 2016 Open"]
[Site "Baku"]
[Date "2016.09.05"]
[Round "4.5"]
[White "Kasimdzhanov, Rustam"]
[Black "Peralta, Fernando"]
[Result "1-0"]
[ECO "B12"]
[WhiteElo "2696"]
[BlackElo "2590"]
[Annotator ""]
[PlyCount "73"]
[EventDate "2016.??.??"]
[EventCountry "AZE"]
[SourceTitle "playchess.com"]
[Source "ChessBase"]
[WhiteTeam "Uzbekistan"]
[BlackTeam "Argentina"]
[WhiteTeamCountry "UZB"]
[BlackTeamCountry "ARG"]
[TimeControl "40/5400+30:1800+30"]

1. e4 {(00:00)} c6 {(00:00)} 2. d4 {(00:00)} d5 {(
00:00)} 3. e5 {(00:00)} Bf5 {(00:12)} 4. Nf3 {(00:00)} e6
{(00:09)} 5. Be2 {(00:02)} Ne7 {(00:54)} 6. O-O {(
00:09)} h6 {(00:13)} 7. Nc3 {(01:39)} Nd7 {(06:52)} 8. Nh4
{(01:51)} Bh7 {(04:11)} 9. f4 {(01:27)} Nf5 {(21:
05)} 10. Nxf5 {(02:57)} Bxf5 {(00:05)} 11. g4 {(06:00)}
Bh7 {(00:11)} 12. f5 {(00:18)} Qh4 {(02:31)} 13. Bf4 {
(04:15)} O-O-O {(14:04)} 14. Bg3 {(07:22)} Qg5 {(
04:25)} 15. h4 {(07:02)} Qe7 {(00:07)} 16. Bd3 {(01:31)}
h5 {(12:00)} 17. gxh5 {(07:52)} Bxf5 {(03:56)} 18. Bxf5 {
(07:51)} exf5 {(00:05)} 19. Rxf5 {(01:05)} g6 {(03:
19)} 20. hxg6 {(05:55)} fxg6 {(00:05)} 21. Rg5 {(08:09)}
Bh6 {(06:09)} 22. Rxg6 {(01:09)} Rdg8 {(04:44)} 23. Qg4 {
(03:34)} Be3+ {(05:10)} 24. Kg2 {(00:12)} Rxg6 {(
00:07)} 25. Qxg6 {(00:04)} Bxd4 {(00:28)} 26. Re1 {(02:18]
} Nc5 {(03:55)} 27. Qg4+ {(06:48)} Ne6 {(00:08)} 28. Rf1 {
(00:04)} Rh6 {(03:40)} 29. Rf5 {(10:44)} Qd7 {(03:
37)} 30. h5 {(08:05)} Be3 {(01:43)} 31. Ne2 {(01:51)} d4 {
(00:25)} 32. Rf6 {(02:34)} Rxf6 {(00:59)} 33. exf6 {
(00:02)} Nf4+ {(00:30)} 34. Kf3 {(02:11)} Nxe2 {(
00:27)} 35. Qg8+ {(01:18)} Qd8 {(00:01)} 36. f7 {(00:29)}
Bh6 {(01:01)} 37. Bh4 {(00:21)} 1-0

[Event "42nd Olympiad Baku 2016 Open"]
[Site "Baku"]
[Date "2016.09.05"]
[Round "4.13"]
[White "Kawuma, Patrick"]
[Black "Sayed Hassan, Mohamed"]
[Result "1-0"]
[ECO "A28"]
[WhiteElo "2261"]
[BlackElo "2219"]
[Annotator ""]
[PlyCount "125"]
[EventDate "2016.??.??"]
[EventCountry "AZE"]
[SourceTitle "playchess.com"]
[Source "ChessBase"]
[WhiteTeam "UGA"]
[BlackTeam "MDV"]
[WhiteTeamCountry "UGA"]
[BlackTeamCountry "EGY"]
[TimeControl "40/5400+30:1800+30"]

1. c4 {(00:00)} Nf6 {(00:00)} 2. Nc3 {(01:17)} e5 {
(00:47)} 3. Nf3 {(01:54)} Nc6 {(00:28)} 4. d4 {(00:
59)} exd4 {(00:08)} 5. Nxd4 {(00:03)} Bb4 {(03:55)} 6. Bg5
{(03:36)} O-O {(00:50)} 7. e3 {(00:30)} Bxc3+ {(01:
01)} 8. bxc3 {(00:03)} Qe7 {(01:08)} 9. Be2 {(03:43)} d6 {
(03:47)} 10. Rb1 {(06:05)} Ne5 {(03:10)} 11. h3 {(
05:00)} h6 {(01:40)} 12. Bf4 {(00:08)} a6 {(04:43)} 13.
O-O {(01:41)} c5 {(02:01)} 14. Nf3 {(17:53)} Ne4 {(
01:26)} 15. Qc2 {(10:15)} Bf5 {(15:25)} 16. Bxe5 {(00:51)}
Ng3 {(00:48)} 17. Bd3 {(01:53)} Bxd3 {(00:43)} 18. Qxd3 {
(00:08)} dxe5 {(00:34)} 19. fxg3 {(01:39)} e4 {(00:
09)} 20. Qd5 {(03:30)} exf3 {(00:11)} 21. Rxf3 {(00:16)}
Rab8 {(00:36)} 22. Qf5 {(07:04)} Rbd8 {(03:35)} 23. Rb2 {
(03:40)} Rd6 {(03:42)} 24. Kh2 {(04:07)} Re6 {(01:
25)} 25. Qb1 {(03:22)} Rb8 {(01:18)} 26. Rb6 {(10:38)}
Rxb6 {(02:23)} 27. Qxb6 {(00:38)} Rc8 {(00:20)} 28. Rf5 {
(04:46)} Rc6 {(00:44)} 29. Qa7 {(00:22)} Qc7 {(03:
38)} 30. e4 {(02:21)} Qc8 {(00:28)} 31. Rd5 {(01:06)} g6 {
(00:44)} 32. e5 {(00:40)} Kg7 {(01:02)} 33. Rd6 {(
01:23)} h5 {(02:20)} 34. Rxc6 {(02:44)} Qxc6 {(05:08)} 35.
Qb8 {(00:12)} Qd7 {(02:07)} 36. a3 {(01:09)} a5 {(
00:30)} 37. h4 {(01:45)} a4 {(00:43)} 38. Qa7 {(00:35)}
Qc6 {(00:46)} 39. Qa5 {(00:20)} b6 {(02:02)} 40. Qa7 {
(00:00)} g5 {(00:00)} 41. Qe7 {(08:24)} gxh4 {(10:
32)} 42. Qxh4 {(00:32)} Qg6 {(01:19)} 43. Qf4 {(00:13)}
Kf8 {(02:53)} 44. Kh3 {(00:44)} Ke7 {(01:06)} 45. Kh4 {
(04:55)} Ke6 {(01:51)} 46. Qf6+ {(09:17)} Qxf6+ {(
01:14)} 47. exf6 {(00:12)} Kxf6 {(00:53)} 48. Kxh5 {(00:
12)} Kf5 {(06:42)} 49. g4+ {(00:13)} Kf4 {(00:40)} 50. Kh4
{(00:08)} Ke5 {(15:26)} 51. Kg5 {(00:29)} Ke6 {(03:
45)} 52. Kh6 {(02:49)} Kf6 {(07:37)} 53. g5+ {(00:23)} Ke6
{(01:59)} 54. g6 {(00:18)} fxg6 {(00:18)} 55. Kxg6 {
(00:10)} Ke5 {(00:04)} 56. g4 {(00:16)} Ke4 {(00:
11)} 57. Kf6 {(00:28)} Kd3 {(00:05)} 58. g5 {(00:08)} Kxc4
{(03:20)} 59. g6 {(00:01)} Kxc3 {(01:17)} 60. g7 {(
00:05)} Kb3 {(01:42)} 61. g8=Q+ Kxa3 62. Qc4 {(01:55)} Kb2 {
(01:09)} 63. Qxa4 {(00:11)} 1-0

[Event "42nd Olympiad Baku 2016 Open"]
[Site "Baku"]
[Date "2016.09.05"]
[Round "4.7"]
[White "Kazhgaleyev, Murtas"]
[Black "Shishkov, Andrei"]
[Result "0-1"]
[ECO "E47"]
[WhiteElo "2594"]
[BlackElo "2368"]
[Annotator ""]
[PlyCount "141"]
[EventDate "2016.??.??"]
[EventCountry "AZE"]
[SourceTitle "playchess.com"]
[Source "ChessBase"]
[WhiteTeam "Kazakhstan"]
[BlackTeam "Estonia"]
[WhiteTeamCountry "KAZ"]
[BlackTeamCountry "EST"]
[TimeControl "40/5400+30:1800+30"]

1. d4 {(00:00)} Nf6 {(00:00)} 2. c4 {(00:00)} e6 {(
00:00)} 3. Nc3 {(00:00)} Bb4 {(00:00)} 4. e3 {(00:05)} O-O
{(00:05)} 5. Bd3 {(00:04)} c5 {(01:11)} 6. Nge2 {(
00:22)} cxd4 {(03:02)} 7. exd4 {(01:59)} d5 {(01:25)} 8.
cxd5 {(01:49)} Nxd5 {(01:00)} 9. O-O {(00:08)} Nc6 {
(05:35)} 10. Be4 {(00:27)} Nxc3 {(11:04)} 11. bxc3 {
(00:21)} Bd6 {(00:08)} 12. c4 {(05:47)} Bxh2+ {(03:
50)} 13. Kxh2 {(03:33)} Qh4+ {(00:05)} 14. Kg1 {(00:06)}
Qxe4 {(00:05)} 15. Bb2 {(00:33)} Rd8 {(06:20)} 16. Qd2 {
(08:42)} e5 {(08:23)} 17. Rfe1 {(09:42)} Be6 {(07:
41)} 18. Qc1 {(11:37)} Nb4 {(10:36)} 19. d5 {(28:38)} Nd3
{(03:23)} 20. Qc2 {(05:02)} Bf5 {(00:37)} 21. Red1 {
(02:32)} Rac8 {(04:59)} 22. Ng3 {(04:07)} Qxg2+ {(
00:10)} 23. Kxg2 {(00:18)} Nf4+ {(00:01)} 24. Kh2 {(03:33]
} Bxc2 {(00:41)} 25. Rd2 {(00:05)} Rxc4 {(02:17)} 26. Bxe5
{(00:05)} Nd3 {(01:54)} 27. Bxg7 {(04:34)} Kxg7 {(
06:42)} 28. Nf5+ {(00:05)} Kf6 {(06:58)} 29. Ne3 {(00:04)}
Rf4 {(02:17)} 30. Rxc2 {(00:35)} Rg8 {(02:19)} 31. Ng2 {
(00:51)} Rf5 {(00:59)} 32. Nh4 {(02:30)} Rh5 {(07:
20)} 33. Rc4 {(01:10)} Ke5 {(00:36)} 34. Rb1 {(05:59)} b6
{(03:24)} 35. d6 {(01:24)} Kd5 {(01:39)} 36. Ra4 {(
00:20)} Nc5 {(00:32)} 37. Rd1+ {(00:44)} Kc6 {(00:07)} 38.
Rf4 {(00:35)} Ne6 {(00:57)} 39. Rc4+ {(00:06)} Kd7 {
(00:26)} 40. a4 {(00:00)} f5 {(00:00)} 41. Rdc1 {(
13:17)} Kxd6 {(06:30)} 42. Rd1+ {(01:11)} Ke5 {(00:38)}
43. Rb4 {(06:50)} Nc5 {(16:41)} 44. Rg1 {(01:03)} Rxg1 {
(01:24)} 45. Kxg1 {(00:02)} Rg5+ {(00:08)} 46. Ng2 {
(01:10)} Rg4 {(00:46)} 47. f4+ {(00:08)} Ke6 {(03:
36)} 48. Kh2 {(00:30)} Rg8 {(01:35)} 49. a5 {(00:13)} Rb8
{(01:16)} 50. axb6 {(00:11)} Rxb6 {(01:15)} 51. Rc4 {
(00:28)} Rb5 {(00:36)} 52. Ne3 {(02:43)} a5 {(00:
53)} 53. Nc2 {(00:04)} Kd6 {(00:29)} 54. Kh3 {(01:37)} Ne6
{(00:37)} 55. Ra4 {(02:09)} Rc5 {(00:54)} 56. Na3 {
(00:45)} Kc6 {(01:02)} 57. Kh4 {(00:26)} Kb6 {(00:
23)} 58. Kh5 {(02:48)} Rc3 {(00:43)} 59. Kh4 {(00:03)} Nc5
{(00:18)} 60. Nc4+ {(00:03)} Kb5 {(00:06)} 61. Rxa5+ {
(00:02)} Kxc4 {(00:02)} 62. Kg5 {(00:06)} Rg3+ {(
01:10)} 63. Kxf5 {(00:04)} h5 {(00:11)} 64. Ra7 {(00:20)}
h4 {(00:13)} 65. Ke5 {(00:21)} Nd3+ {(00:45)} 66. Ke4 {
(00:07)} Nf2+ {(00:18)} 67. Ke5 {(00:56)} h3 {(00:
10)} 68. Rc7+ {(00:19)} Kb5 {(00:19)} 69. Rh7 {(00:36)} h2
{(00:21)} 70. f5 {(00:03)} Nh3 {(00:49)} 71. Kd4 0-1

[Event "42nd Olympiad Baku 2016 Open"]
[Site "Baku"]
[Date "2016.09.05"]
[Round "4.28"]
[White "Khuphwathea, Paul C"]
[Black "Beukes, Dante M"]
[Result "1/2-1/2"]
[ECO "A48"]
[WhiteElo "1879"]
[BlackElo "1612"]
[Annotator ""]
[PlyCount "97"]
[EventDate "2016.??.??"]
[EventCountry "AZE"]
[SourceTitle "playchess.com"]
[Source "ChessBase"]
[WhiteTeam "MAW"]
[BlackTeam "Namibia"]
[BlackTeamCountry "NAM"]
[TimeControl "40/5400+30:1800+30"]

1. d4 {(00:00)} Nf6 {(00:00)} 2. Nf3 {(00:00)} g6 {
(00:00)} 3. Bg5 {(00:46)} Bg7 {(00:08)} 4. Nbd2 {(
00:23)} O-O {(06:51)} 5. e4 {(00:57)} d6 {(00:15)} 6. h3 {
(00:19)} h6 {(05:51)} 7. Bh4 {(00:39)} g5 {(07:46)}
8. Bg3 {(01:53)} Nh5 {(00:10)} 9. Bh2 {(00:37)} Nf4 {
(03:22)} 10. h4 {(02:42)} e5 {(10:00)} 11. hxg5 {(
04:38)} hxg5 {(02:11)} 12. dxe5 {(02:26)} dxe5 {(03:57)}
13. Bxf4 {(01:00)} exf4 {(00:43)} 14. c3 {(02:10)} Re8 {
(03:55)} 15. Qc2 {(00:44)} Bf5 {(04:54)} 16. O-O-O {
(00:28)} Bg6 {(00:11)} 17. Nc4 {(01:46)} Qe7 {(03:
33)} 18. Bd3 {(00:32)} Nd7 {(05:40)} 19. e5 {(02:51)} Bxd3
{(08:07)} 20. Qxd3 {(00:12)} Nxe5 {(06:23)} 21. Qh7+ {
(01:07)} Kf8 {(00:09)} 22. Ncxe5 {(00:35)} Bxe5 {(
00:29)} 23. Rde1 {(00:35)} f6 {(05:32)} 24. Qh8+ {(01:10)}
Kf7 {(00:10)} 25. Rh7+ {(00:18)} Kg6 {(00:36)} 26. Nxe5+ {
(17:02)} fxe5 {(00:55)} 27. Qg8+ {(05:34)} Rxg8 {(
03:24)} 28. Rxe7 {(00:35)} Rae8 {(02:50)} 29. R1xe5 {(00:
00)} Rxe7 {(00:18)} 30. Rxe7 {(00:01)} Rg7 {(00:23)} 31.
Rxg7+ {(01:25)} Kxg7 {(00:06)} 32. Kd2 {(00:44)} Kf6 {
(04:00)} 33. Kd3 {(01:21)} Ke5 {(01:39)} 34. f3 {(
00:47)} b5 {(05:16)} 35. a4 {(06:35)} a6 {(04:26)} 36.
axb5 {(08:33)} axb5 {(00:20)} 37. Ke2 {(01:27)} Kd5 {
(02:03)} 38. Kd3 {(00:42)} c5 {(00:49)} 39. Kc2 {(
02:46)} c4 {(01:18)} 40. Kd1 {(00:00)} Kc5 {(00:00)} 41.
Kc2 {(04:27)} b4 {(13:26)} 42. Kd2 {(02:49)} b3 {(
00:11)} 43. Ke2 {(00:22)} Kd5 {(00:27)} 44. Kf2 {(00:12)}
Ke5 {(00:13)} 45. Kg1 {(01:05)} Kf5 {(00:35)} 46. Kf1 {
(00:23)} Kf6 {(00:51)} 47. Kg1 {(01:22)} Kf5 {(00:
28)} 48. Kf1 {(00:32)} Kf6 {(02:49)} 49. Kg1 {(00:09)}
1/2-1/2

[Event "42nd Olympiad Baku 2016 Open"]
[Site "Baku"]
[Date "2016.09.05"]
[Round "4.23"]
[White "Khusenkhojaev, Mustafokhuja"]
[Black "Hamitevici, Vladimir"]
[Result "1-0"]
[ECO "A58"]
[WhiteElo "2212"]
[BlackElo "2489"]
[Annotator ""]
[PlyCount "129"]
[EventDate "2016.??.??"]
[EventCountry "AZE"]
[SourceTitle "playchess.com"]
[Source "ChessBase"]
[WhiteTeam "Tajikistan"]
[BlackTeam "Moldova"]
[WhiteTeamCountry "TJK"]
[BlackTeamCountry "MDA"]
[TimeControl "40/5400+30:1800+30"]

1. d4 {(00:00)} Nf6 {(00:00)} 2. c4 {(00:00)} c5 {(
00:00)} 3. d5 {(00:28)} b5 {(00:00)} 4. cxb5 {(01:04)} a6
{(00:02)} 5. bxa6 {(00:47)} g6 {(00:11)} 6. Nc3 {(
00:38)} Bg7 {(00:09)} 7. Nf3 {(00:43)} O-O {(00:31)} 8. e4
{(00:59)} Qa5 {(00:34)} 9. Nd2 {(01:19)} Bxa6 {(01:
12)} 10. Bxa6 {(01:34)} Qxa6 {(00:49)} 11. Qe2 {(00:15)}
Qxe2+ {(12:49)} 12. Kxe2 {(02:41)} d6 {(00:15)} 13. Nc4 {
(05:24)} Nbd7 {(01:35)} 14. f4 {(12:23)} Rfb8 {(01:
19)} 15. Bd2 {(08:05)} Ne8 {(03:56)} 16. g4 {(05:28)} Nb6
{(14:52)} 17. Nxb6 {(04:57)} Rxb6 {(02:16)} 18. Rhb1 {
(03:40)} f5 {(05:52)} 19. gxf5 {(06:29)} gxf5 {(00:
10)} 20. exf5 {(02:23)} Nc7 {(00:13)} 21. a4 {(04:08)} Kf7
{(12:43)} 22. a5 {(07:52)} Rba6 {(03:43)} 23. Ne4 {
(02:53)} Nxd5 {(00:56)} 24. Ra3 {(03:25)} h6 {(01:
37)} 25. Rg3 {(03:44)} Rb8 {(03:38)} 26. Rg6 {(00:48)}
Raa8 {(02:42)} 27. Rbg1 {(08:54)} Bd4 {(03:18)} 28. Rb1 {
(00:58)} Nf6 {(04:40)} 29. Nxf6 {(03:21)} Bxf6 {(
00:04)} 30. Rxh6 {(00:55)} c4 {(00:29)} 31. Rh7+ {(01:32)}
Kg8 {(02:05)} 32. Rh3 {(00:07)} d5 {(01:08)} 33. b3 {
(04:05)} Kf7 {(01:50)} 34. Rc1 {(03:42)} cxb3 {(01:
59)} 35. Rb1 {(00:51)} b2 {(00:06)} 36. Rd3 {(00:10)} Rb5
{(02:51)} 37. Bc3 {(00:25)} Bxc3 {(00:17)} 38. Rxc3 {
(00:03)} Raxa5 {(00:12)} 39. Rc2 {(00:04)} Ra2 {(
06:51)} 40. Kf3 {(00:00)} Rb3+ {(00:00)} 41. Kg4 {(00:36)}
Rb8 {(12:33)} 42. Re2 {(03:56)} Rb3 {(09:26)} 43. Rc2 {
(01:40)} Ke8 {(05:32)} 44. Rd2 {(02:26)} Rb5 {(00:
23)} 45. h4 {(01:07)} Kf7 {(01:38)} 46. Rc2 {(02:12)} Rb8
{(01:12)} 47. Re2 {(00:30)} Rg8+ {(03:32)} 48. Kf3 {
(00:58)} Rb8 {(01:08)} 49. Kg4 {(00:56)} Rb3 {(03:
20)} 50. Rc2 {(01:11)} d4 {(01:17)} 51. Re2 {(00:52)} Ra1
{(03:44)} 52. Rbxb2 {(00:17)} Rg1+ {(01:51)} 53. Kh5 {
(00:21)} Rxb2 {(01:41)} 54. Rxb2 {(00:07)} d3 {(00:
06)} 55. Rd2 {(01:56)} Rg3 {(00:06)} 56. Ra2 {(00:03)} Kf6
{(01:37)} 57. Ra5 {(00:06)} d2 {(00:46)} 58. Rd5 {(
00:06)} Rg2 {(00:39)} 59. Kh6 {(00:20)} Rg8 {(00:16)} 60.
Kh5 {(00:11)} Rg2 {(00:29)} 61. Kh6 {(00:05)} Rf2 {
(00:35)} 62. Kh5 {(00:14)} Rg2 {(00:12)} 63. Kh6 {(
00:06)} Kf7 {(00:09)} 64. Rd8 {(00:10)} Kf6 {(01:15)} 65.
Rf8# {(00:06] Ke5} 1-0